Map: Frozen Temple

Players

Jay

  • Race: Terran Terran
  • League: Bronze

Mindele - Winner!

  • Race: Terran Terran
  • League: Bronze

VOD

Have the link to the VOD?

Description

Time

  • Played on: May 13, 2016, 11:14 p.m.
  • Length: 16:23
Show
View Real Time Build Order
Export as new Build Order

Jay Terran 

Build Orders: Liberator Opening 

Get SALT Encoding   

  12  0:01  SCV  
  13  0:13  SCV  
  14  0:24  Supply Depot  
  14  0:25  SCV  
  15  0:45  SCV  
  15  0:48  Barracks  
  16  0:53  Refinery  
  16  0:57  Refinery  
  16  0:58  SCV  
  17  1:10  SCV  
  18  1:22  SCV  
  19  1:34  SCV  
  19  1:37  Supply Depot  
  20  1:43  Factory  
  20  1:46  Barracks Tech Lab, SCV  
  21  1:58  SCV  
  22  2:06  Marauder  
  24  2:10  SCV  
  25  2:22  SCV  
  26  2:30  Factory Tech Lab  
  26  2:31  Starport  
  26  2:45  Engineering Bay  
  26  2:52  Concussive Shells  
  26  2:57  Orbital Command  
  26  3:13  Siege Tank  
  26  3:14  Supply Depot  
  26  3:15  Medivac  
  31  3:29  Missile Turret  
  31  3:36  Marauder  
  31  3:39  Supply Depot  
  33  3:42  Liberator  
  33  3:47  Siege Tank  
  39  4:08  Supply Depot  
  39  4:16  Missile Turret  
  39  4:22  Factory  
  39  4:30  Supply Depot  
  39  4:49  Siege Tank  
  34  5:08  Factory Tech Lab  
  34  5:10  Medivac  
  36  5:24  Command Center  
  36  5:29  Siege Tank  
  39  5:39  Supply Depot  
  26  6:47  Factory Tech Lab  
  26  7:07  Factory Tech Lab  
  26  7:10  Supply Depot  
  26  7:14  Supply Depot  
  26  7:16  Supply Depot  
  26  7:18  Starport Reactor  
  26  7:33  Supply Depot  
  19  7:59  Hellion  
  21  8:21  Hellion  
  26  8:48  Siege Tank  
  26  9:18  Barracks  
  26  10:06  Medivac x2  
  30  10:30  Factory  
  30  10:51  Widow Mine  
  32  11:19  Widow Mine  
  32  11:22  Command Center  
  34  11:29  Factory Reactor  
  34  11:38  Refinery  
  32  11:54  Liberator  
  32  11:55  Liberator  
  32  12:07  Widow Mine x2  
  42  12:21  Refinery  
  42  12:28  Siege Tank  
  45  12:35  Widow Mine  
  45  12:36  Widow Mine  
  49  12:52  Siege Tank  
  49  12:56  SCV  
  53  13:04  Widow Mine  
  55  13:08  SCV  
  56  13:20  SCV  
  57  13:32  SCV  
  58  13:44  SCV  
  56  13:56  SCV  
  32  15:43  Command Center  
  32  15:46  Factory  
  26  15:51  Factory  
Show
View Real Time Build Order
Export as new Build Order

Mindele Terran - Winner!

Build Orders:  

Get SALT Encoding   

  12  0:01  SCV  
  13  0:13  SCV  
  14  0:18  Supply Depot  
  14  0:25  SCV  
  15  0:36  Refinery  
  15  0:40  SCV  
  16  0:47  Barracks  
  16  0:52  SCV  
  17  1:04  Supply Depot, SCV  
  18  1:21  Barracks  
  18  1:22  SCV  
  19  1:37  Orbital Command  
  19  1:40  Marine  
  20  1:56  Barracks  
  20  2:07  Reaper  
  21  2:09  SCV  
  22  2:21  SCV  
  23  2:23  Marine  
  23  2:27  Supply Depot  
  24  2:34  Barracks  
  24  2:36  SCV  
  25  2:45  Reaper, Marine  
  25  2:46  Marine  
  25  2:48  SCV  
  29  2:52  Supply Depot  
  29  3:00  SCV  
  29  3:05  Barracks  
  30  3:11  Reaper  
  31  3:12  SCV  
  31  3:15  Marine  
  33  3:20  Reaper  
  34  3:29  SCV  
  34  3:33  Marine  
  34  3:34  Supply Depot  
  36  3:41  SCV  
  37  3:45  Marine  
  37  3:46  Reaper  
  39  3:53  SCV  
  39  4:01  Reaper, Marine  
  39  4:02  Marine  
  41  4:05  Supply Depot, SCV  
  43  4:11  Reaper  
  44  4:17  SCV  
  44  4:20  Marine  
  46  4:27  Supply Depot  
  46  4:28  Reaper x2  
  46  4:31  SCV  
  49  4:41  Marine  
  49  4:43  SCV  
  49  4:44  Barracks  
  51  4:46  Barracks  
  51  4:47  Marine x2  
  53  4:55  SCV  
  53  4:56  Supply Depot  
  54  5:02  Marine x2  
  56  5:07  SCV  
  56  5:08  Marine x2  
  56  5:10  Marine  
  60  5:18  Supply Depot  
  60  5:19  SCV  
  61  5:29  Marine x5  
  61  5:31  Marine  
  66  5:44  Marine  
  66  5:47  Marine x2  
  62  6:12  Marine  
  62  6:13  Marine x3  
  62  6:14  Marine x2  
  65  6:24  Marine  
  64  6:30  Marine  
  65  6:34  Marine x2  
  65  6:35  Reaper x2  
  65  6:45  Marine x2  
  67  6:54  Marine x3  
  70  7:03  Reaper, Marine  
  72  7:11  Marine x2  
  74  7:16  Marine x2  
  56  7:43  Marine  
  56  7:44  Marine x4  
  53  7:49  Marine x2  
  54  7:54  SCV  
  55  8:02  Factory  
  55  8:06  Marine x3, SCV  
  55  8:08  Marine x2  
  55  8:12  Command Center  
  61  8:16  Marine x2  
  61  8:39  Marine x4  
  61  8:40  Marine  
  62  8:42  SCV  
  62  8:43  Marine x2  
  65  8:54  SCV  
  66  8:57  Reaper, Marine  
  66  9:00  Factory Tech Lab  
  68  9:05  Armory  
  68  9:07  Marine x2, SCV  
  71  9:20  Reaper  
  71  9:21  Reaper  
  55  9:40  Marine x3  
  52  10:03  Orbital Command  
  52  10:18  Refinery  
  52  10:19  SCV  
  53  10:23  Refinery  
  53  10:35  Thor  
  59  10:54  Marine x3  
  62  11:04  Starport  
  62  11:10  Marine x2  
  64  11:11  Marine  
  64  11:17  Starport, Marine x2  
  68  11:19  Marine  
  68  11:40  Marine x3  
  68  11:42  Barracks Tech Lab  
  71  11:48  Terran Vehicle And Ship Armor Level 1  
  71  11:58  Starport Tech Lab x2  
  71  12:11  Marine x4  
  71  12:14  Marine  
  78  12:21  Thor  
  81  12:25  Marine  
  82  12:31  Banshee  
  82  12:32  Banshee  
  88  12:47  Marine  
  88  12:48  Marine x3  
  92  13:04  Marine x2  
  94  13:07  Siege Tank  
  97  13:16  SCV x2  
  99  13:20  Marine x2  
  99  13:24  Marine  
  102  13:33  Supply Depot  
  102  13:37  Supply Depot  
  102  13:54  Marine x2  
  87  14:24  Marine x4  
  84  14:25  Marine x2  
  90  14:35  Marine  
  83  14:41  Marine  
  83  14:42  Marine x2  
  82  15:03  Marine  
  82  15:04  Marine x3  
  80  15:07  Marine x2  
  80  15:11  SCV x2  
  84  15:15  Siege Tank  
  87  15:21  Marine  
  84  15:38  Marine x3  
  87  15:48  Marine x2  
Tags
 
Add a new tag
Caveats
  • Supply blocks, unpowered buildings, or Contaminate may cause inaccurate times.
  • Supply counts are checked every 10 seconds.